 Dungeon Crawl Stone Soup version 0.31-a0-1603-gbec6b6ccbf (webtiles) character file.

Game seed: 8994573060690639994

43402 Zonian the Summoner (level 13, -7/88 HPs)
             Began as a Felid Summoner on Jan 7, 2024.
             Was an Elder of Kikubaaqudgha.
             Mangled by a centaur warrior (13 damage)
             ... on level 13 of the Dungeon on Jan 8, 2024.
             The game lasted 02:33:36 (35397 turns).

Zonian the Summoner (Felid Summoner)               Turns: 35397, Time: 02:33:37

Health: -7/88      AC:  3    Str:  4    XL:     13   Next: 90%
Magic:  9/30       EV: 24    Int: 22    God:    Kikubaaqudgha [****..]
Gold:   1057       SH:  5    Dex: 19    Spells: 2/37 levels left
                                        Lives:  0   Deaths: 3

rFire   . . .        (weapon unavailable)
rCold   + . .        (shield unavailable)
rNeg    . . .        (body armour unavailable)
rPois   .            (helmet unavailable)
rElec   .            (cloak unavailable)
rCorr   .            (gloves unavailable)
SInv    +            (boots unavailable)
Will    ++...        N - amulet of reflection Stlth
                     s - ring of willpower
HPRegen 0.34/turn    w - +5 ring of evasion
MPRegen 0.22/turn

%: reflection
@: berserking, marked, very quick
A: very small, claws 1, fangs 3, see invisible, shaggy fur 3, stealthy paws, no
weapons or thrown items, no armour, multi-lived, subdued magic 1
a: Renounce Religion, Unearth Wretches


You were on level 13 of the Dungeon.
You worshipped Kikubaaqudgha.
Kikubaaqudgha was greatly pleased with you.
You visited 2 branches of the dungeon, and saw 19 of its levels.

You collected 1534 gold pieces.
You spent 477 gold pieces at shops.


Innate Abilities, Weirdness & Mutations

You have sharp claws.
You have razor-sharp teeth.
You have supernaturally acute eyesight. (SInv)
Your thick and shaggy fur keeps you warm. (AC +3, rC+)
Your paws help you pounce on unaware monsters.
You are incapable of wielding weapons or throwing items.
You cannot wear armour.
You gain extra lives every three experience levels.
Your spells are a little easier to cast, but a little less powerful.


   Skills:
 + Level 2.6 Fighting
 - Level 4.0 Dodging
 - Level 2.6 Stealth
 + Level 12.9 Spellcasting
 - Level 5.0 Hexes
 + Level 14.3 Summonings
 - Level 6.2 Necromancy
 + Level 7.5 Fire Magic
 + Level 7.4 Air Magic
 - Level 5.0 Evocations


You had 2 spell levels left.
You knew the following spells:

 Your Spells              Type           Power      Damage    Failure   Level
a - Summon Small Mammal   Summ           100%       N/A       0%          1
b - Call Imp              Summ           100%       N/A       0%          2
c - Call Canine Familiar  Summ           56%        N/A       1%          3
d - Summon Blazeheart Go  Fire/Summ      47%        N/A       1%          4
e - Summon Lightning Spi  Summ/Air       47%        N/A       1%          4
f - Martyr's Knell        Necr/Summ      45%        N/A       1%          4
g - Swiftness             Air            36%        N/A       1%          3
h - Airstrike             Air            18%        2d(3-19)  1%          4
i - Anguish               Hex/Necr       15%        N/A       3%          4
j - Summon Cactus Giant   Summ           28%        N/A       1%          6

Your spell library contained the following spells:

 Spells                   Type           Power      Damage    Failure   Level
 Kiss of Death            Conj/Necr      84%        2d11      1%          1
 Necrotise                Necr           100%       1d9       1%          1
 Shock                    Conj/Air       92%        1d8       1%          1
 Jinxbite                 Hex            54%        N/A       1%          2
 Mercury Vapours          Alch/Air       46%        N/A       1%          2
 Scorch                   Fire           72%        2d8       1%          2
 Freeze                   Ice            40%        1d6       3%          1
 Sting                    Conj/Alch      40%        1d5       3%          1
 Confusing Touch          Hex            27%        N/A       1%          3
 Fugue of the Fallen      Necr           32%        N/A       1%          3
 Tukima's Dance           Hex            27%        N/A       1%          3
 Vampiric Draining        Necr           32%        2d8       1%          3
 Dispel Undead            Necr           32%        3d14      2%          4
 Cause Fear               Hex            13%        N/A       4%          4
 Flame Wave               Conj/Fire      23%        2d8       8%          4
 Curse of Agony           Necr           32%        N/A       8%          5
 Frozen Ramparts          Ice            20%        1d4       12%         3
 Hailstorm                Conj/Ice       10%        3d6       12%         3
 Ozocubu's Armour         Ice            10%        N/A       12%         3
 Stone Arrow              Conj/Erth      20%        3d8       12%         3
 Fireball                 Conj/Fire      11%        3d7       22%         5
 Iskenderun's Mystic Bla  Conj/Tloc      10%        2d4       36%         4
 Manifold Assault         Tloc           10%        N/A       36%         4
 Olgreb's Toxic Radiance  Alch           10%        N/A       36%         4
 Metabolic Englaciation   Hex/Ice        9%         N/A       36%         5
 Yara's Violent Unravell  Hex/Alch       9%         3d6       36%         5
 Death Channel            Necr           16%        N/A       41%         6
 Spellforged Servitor     Conj/Summ      17%        N/A       88%         7
 Enfeeble                 Hex            13%        N/A       99%         7
 Sculpt Simulacrum        Ice/Alch       5%         N/A       100%        6
 Orb of Destruction       Conj           5%         9d5       100%        7
 Lehudib's Crystal Spear  Conj/Erth      5%         10d3      100%        8
 Dragon's Call            Summ           28%        N/A       100%        9
 Animate Armour           Summ/Erth      Unusable   N/A       N/A         4
 Dimensional Bullseye     Hex/Tloc       Unusable   N/A       N/A         4

Inventory:

Jewellery
 b - an amulet of faith {!P}
   (You found it on level 1 of the Dungeon)
 s - a ring of willpower (left paw)
   (You found it on level 8 of the Dungeon)
 w - a +5 ring of evasion (right paw)
   (You found it on level 3 of the Lair of Beasts)
 x - a +4 ring of slaying
   (You found it on level 1 of the Lair of Beasts)
 y - a +6 ring of dexterity
   (You found it on level 2 of the Lair of Beasts)
 C - a ring of protection from cold
   (You found it on level 5 of the Lair of Beasts)
 I - a ring of resist corrosion
   (You found it on level 11 of the Dungeon)
 M - a ring of poison resistance
   (You found it on level 12 of the Dungeon)
 N - an amulet of reflection (around neck)
   (You found it on level 14 of the Dungeon)
Wands
 h - a wand of digging (7)
   (You found it on level 2 of the Dungeon)
 m - a wand of polymorph (17)
   (You took it off Robin on level 3 of the Dungeon)
 n - a wand of flame (13)
   (You took it off an orc on level 5 of the Dungeon)
 F - a wand of roots (1)
   (You took it off Maurice on level 11 of the Dungeon)
 G - a wand of quicksilver (3)
   (You found it on level 11 of the Dungeon)
Scrolls
 c - 4 scrolls of vulnerability {!r!r}
 j - 5 scrolls of teleportation {@r4}
 k - 2 scrolls of immolation {!r!r}
 D - a scroll of fog
 E - a scroll of silence {!r}
 H - a scroll of blinking {!r}
 J - a scroll of poison {!r}
 K - a scroll of butterflies
 L - a scroll of revelation
 O - 2 scrolls of identify {@r1}
Potions
 a - a potion of magic
 d - 9 potions of curing {@q1}
 e - 4 potions of enlightenment
 g - a potion of resistance
 l - 2 potions of haste {@q3}
 o - a potion of invisibility
 q - 3 potions of brilliance
 r - a potion of ambrosia
 t - a potion of attraction {!q}
 u - 2 potions of mutation {!q}
 v - 2 potions of might
 z - a potion of cancellation

Dungeon Overview and Level Annotations

Branches:
Dungeon (14/15) Zot: 26916  Temple (0/1) D:4            Lair (5/5) D:10 Zot: 19438
 Shoals (0/4) Lair:3       Spider (0/4) Lair:2        Slime (0/5) Lair:4
    Orc (0/2) D:9
 Vaults: D:13-14

Altars:
Cheibriados
Gozag
Kikubaaqudgha
Ru
The Shining One
Jiyva

Shops:
D:3 *(?:(   D:13 ?

Annotations:
D:4 exclusion: orc warrior
D:5 1 runed translucent door, Crazy Yiuf
Lair:1 2 transporters

############
##########..........###
#........'..........+.#
#.......##.@........#.#
#........#.c..♣♣♣...#.#
#........#....♣♣....#.#
#........#..........#.#
#........#..........''####
#........#...............#
#........########........#
############### #........#
..)...# #[[......#


You could see a centaur warrior.


Message History

The skeletal warrior is struck by your cactus giant's spines.
The skeletal warrior hits your cactus giant with a +0 short sword!!
Your cactus giant completely misses the skeletal warrior. 😨 HP[+1] Unknown command.
As you read the scroll of teleportation {@r4}, it crumbles to dust.
You feel strangely unstable.
The skeletal warrior is struck by your cactus giant's spines.
The skeletal warrior is destroyed!
Kikubaaqudgha accepts your kill. The skeletal warrior barely misses you.
Your blazeheart golem closely misses the tengu conjurer.
Your inugami hits the skeletal warrior but does no damage. 😨 MP[+1]
Aiming: Quicksilver Bolt
Press: ? - help, Shift-Dir - straight line, f - tengu conjurer
Aim: a tengu conjurer (ally target, 51% to hit)
The bolt of dispelling energy misses the tengu conjurer.
The tengu conjurer hits your blazeheart golem.
The tengu conjurer barely misses your blazeheart golem.
The tengu conjurer claws your blazeheart golem but does no damage.
The skeletal warrior hits you from afar with a +0 trident!!
* * * LOW HITPOINT WARNING * * *
Your inugami barely misses the skeletal warrior. 😱 HP[-18]
You take 18 damage, and now have 9/59 hp.
MASSIVE DAMAGE!! (PAUSE)
You feel much better.
Your surroundings suddenly seem different.
A boulder beetle comes into view. 😨 HP[+20]
You regained 20 hp, and now have 29/59 hp.
Okay, then.
As you read the scroll of fog, it dissolves into smoke.
Found a stone staircase leading up. 😮 HP[+1] MP[+1] 😮 HP[+1] MP[+1]
A malevolent force fills the Dungeon...
With a horrendous wail, an alarm goes off!
A sentinel's mark forms upon you.
You hear a shout!
You hear an angry buzzing noise. x4; You hear a howl!
You hear a roar!
You hear a horrible gurgling sound! x2; You hear a shout!
There is a stone staircase leading up here.
You climb upwards.
The centaur warrior unwields a +0 shortbow.
The centaur warrior hits you.
* * * LOW HITPOINT WARNING * * *
The centaur warrior kicks you.
* * * LOW HITPOINT WARNING * * *
The centaur warrior misses you. The centaur warrior barely misses you.
There is a stone staircase leading down here. 😨 HP[-5] MP[+1]
You take 5 damage, and now have 26/59 hp.
Unknown command.
Aiming: Fastroot
Press: ? - help, Shift-Dir - straight line
Okay, then.
A red film seems to cover your vision as you go berserk!
You feel yourself moving faster!
You feel mighty! The centaur warrior hits you.
* * * LOW HITPOINT WARNING * * *
You block the centaur warrior's attack. 😨 HP[+12]
You now have 88 max hp (+29).
You regained 12 hp, and now have 38/88 hp.
Unknown command.
You claw the centaur warrior! Your bite misses the centaur warrior.
The centaur warrior hits you!
* * * LOW HITPOINT WARNING * * *
The centaur warrior kicks you.
* * * LOW HITPOINT WARNING * * *
😨 HP[-11]
You take 11 damage, and now have 27/88 hp.
Unknown command.
You completely miss the centaur warrior.
The centaur warrior closely misses you. x2
You scratch the centaur warrior. You claw the centaur warrior!
The centaur warrior completely misses you.
The centaur warrior barely misses you.
You barely miss the centaur warrior. The centaur warrior hits you!
* * * LOW HITPOINT WARNING * * *
The centaur warrior kicks you.
* * * LOW HITPOINT WARNING * * *
😱 HP[-12]
You take 12 damage, and now have 15/88 hp.
You scratch the centaur warrior. You bite the centaur warrior.
The centaur warrior hits you.
* * * LOW HITPOINT WARNING * * *
The centaur warrior completely misses you. 😱 HP[-6]
You take 6 damage, and now have 9/88 hp.
You barely miss the centaur warrior. You bite the centaur warrior!
The centaur warrior hits you but does no damage.
The centaur warrior kicks you.
* * * LOW HITPOINT WARNING * * *
😱 HP[-3] MP[+1]
You take 3 damage, and now have 6/88 hp.
You scratch the centaur warrior. You bite the centaur warrior.
The centaur warrior hits you!
You die...
Kikubaaqudgha rasps: "You have failed me!
Welcome... death!"

Skill      XL: |  1  2  3  4  5  6  7  8  9 10 11 12 13 |
---------------+----------------------------------------+-----
Spellcasting   | 3 4 5 6 8 9 10 11 12 | 12.9
Summonings     | 5 6 7 9 10 11 13 14 | 14.3
Fire Magic     | 2 4 5 7 |  7.5
Air Magic      | 2 4 5 6 7 |  7.4
Dodging        | 4 |  4.0
Necromancy     | 4 5 6 |  6.2
Hexes          | 3 5 |  5.0
Evocations     | 5 |  5.0
Fighting       | 2 |  2.6
Stealth        | |  2.6

Action                     |  1- 3 |  4- 6 |  7- 9 | 10-12 | 13-15 || total
---------------------------+-------+-------+-------+-------+-------++-------
  Melee: Unarmed           |     8 |    26 |    57 |    78 |    52 ||   221
         Bite              |       |     4 |     9 |    10 |     9 ||    32
         Punch             |       |       |       |     3 |     3 ||     6
   Cast: Summon Small Mamm |    73 |     5 |    55 |    10 |       ||   143
         Call Imp          |     3 |    13 |    28 |    17 |     2 ||    63
         Call Canine Famil |     2 |    24 |    85 |    58 |     9 ||   178
         Summon Blazeheart |       |       |    15 |    85 |    30 ||   130
         Summon Lightning  |       |       |     4 |    21 |    19 ||    44
         Martyr's Knell    |       |       |       |    19 |    14 ||    33
         Airstrike         |       |       |       |    51 |    61 ||   112
         Anguish           |       |       |       |     2 |     3 ||     5
         Summon Cactus Gia |       |       |       |       |    21 ||    21
         Swiftness         |       |       |       |       |     2 ||     2
 Invoke: Unearth Wretches  |       |       |       |       |     1 ||     1
  Evoke: Wand              |       |       |     8 |    29 |     7 ||    44
    Use: Scroll            |     4 |     6 |     8 |    11 |     6 ||    35
         Potion            |       |       |     4 |     3 |     5 ||    12
   Stab: Sleeping          |       |     1 |     1 |       |       ||     2
         Distracted        |       |       |     1 |     1 |     1 ||     3
         Paralysed         |       |       |       |       |     1 ||     1
 Armour: Skin              |     4 |    16 |    80 |    88 |    74 ||   262
  Dodge: Dodged            |    15 |    33 |   126 |   187 |   139 ||   500
  Block: Other             |       |       |       |       |     1 ||     1

Levels and vault maps discovered:
D:1:      reono_arrival_mine, layout_loops_ring
D:2:      layout_loops_ring, basic_altar, minmay_misc_feat_secret_circle,
          grunt_ministairs_8
D:3:      minmay_spotlight, layout_loops_ring, serial_shops, shop,
          nicolae_shop_stone, shop_fountains, nicolae_shop_rolling_square,
          nicolae_shop_back_alley_shop, dreamdust_princess_bridge, uniq_robin
D:4:      layout_gridville, minmay_temple_entry_glassed_door,
          guppyfry_early_orc_mine
D:5:      layout_basic, uniq_grinder, uniq_crazy_yiuf_cottage
D:6:      layout_basic, mainiacjoe_overflow_alcove_4, uniq_eustachio
D:7:      layout_rooms, uniq_duvessa
D:8:      lemuel_ice_spiral_2, layout_basic
D:9:      layout_basic, amethyst_overflow_temple_binary, zombieorc2_lemuel
D:10:     layout_basic, mainiacjoe_overflow_chevrons, erik_lair_island
D:11:     layout_roguey, uniq_maurice
D:12:     layout_gridville
D:13:     layout_basic, serial_shops, shop
D:14:     layout_basic, david_vaults_4, bh_walls_and_bars
Lair:1:   gammafunk_cloud_chamber, layout_small_grid
Lair:2:   layout_gridlike, spider_nest_entry_rubble, uniq_maggie
Lair:3:   layout_gridlike, nicolae_shoals_entry_roost, grunt_megastairs_3,
          uniq_amaemon
Lair:4:   layout_small_grid, slime_entry_1, grunt_megastairs_2
Lair:5:   minmay_lair_end_enchanted_forest, layout_cave_pods

Notes
Turn   | Place    | Note
-------+----------+-------------------------------------------
     0 | D:1      | Zonian the Felid Summoner began the quest for the Orb.
     0 | D:1      | Reached XP level 1. HP: 9/9 MP: 4/4
     0 | D:1      | magus.rc [v1.9.6]
   693 | D:1      | Reached XP level 2. HP: 13/13 MP: 3/6
  1579 | D:2      | Reached XP level 3. HP: 16/16 MP: 5/8
  1589 | D:2      | Learned a level 2 spell: Call Imp
  1593 | D:2      | Learned a level 3 spell: Call Canine Familiar
  1753 | D:2      | Found an ancient bone altar of Kikubaaqudgha.
  1780 | D:2      | Became a worshipper of Kikubaaqudgha
  2339 | D:2      | You fall into a shaft and drop 1 floor!
  2671 | D:3      | Found Sipuj's Magic Scroll Emporium.
  2689 | D:3      | Bought a scroll of teleportation for 30 gold pieces
  2689 | D:3      | Bought a scroll of fog for 40 gold pieces
  2746 | D:3      | Reached skill level 3 in Spellcasting
  2748 | D:3      | You add the spells Sting, Mercury Vapours and Olgreb's
                  | Toxic Radiance to your library.
  2770 | D:3      | Reached skill level 5 in Summonings
  2770 | D:3      | Reached XP level 4. HP: 20/21 MP: 3/9
  2770 | D:3      | Gained a life (2 lives remaining)
  2772 | D:3      | Noticed Robin
  2774 | D:3      | Killed Robin
  3081 | D:3      | Found Uwebunil's Book Boutique.
  3342 | D:3      | Found Ixzu's Antique Weapon Shop.
  3782 | D:3      | Found Tekannis's Assorted Antiques.
  3790 | D:3      | Bought a potion of curing for 72 gold pieces
  3817 | D:3      | Reached XP level 5. HP: 24/24 MP: 6/11
  3874 | D:3      | Found Ippy's Weapon Shop.
  3982 | D:4      | Reached skill level 4 in Spellcasting
  4230 | D:4      | You pick up a book of Misfortune and begin reading...
  4230 | D:4      | You add the spells Jinxbite, Yara's Violent Unravelling and
                  | Enfeeble to your library.
  4239 | D:4      | Learned a level 4 spell: Summon Blazeheart Golem
  4477 | D:4      | Identified the +9 dagger "Zaseiw" {flame, rElec rF- Str+8}
  4503 | D:4      | Found a staircase to the Ecumenical Temple.
  4526 | D:4      | You pick up a book of Frost and begin reading...
  4526 | D:4      | You add the spells Freeze, Frozen Ramparts and Hailstorm to
                  | your library.
  4533 | D:4      | Noticed a black bear
  4544 | D:4      | Killed a black bear
  4545 | D:4      | Reached skill level 6 in Summonings
  4545 | D:4      | Gained mutation: You are covered in thick fur. (AC +2)
                  | [Felid growth]
  4545 | D:4      | Reached XP level 6. HP: 28/28 MP: 4/13
  4645 | D:4      | Reached * piety under Kikubaaqudgha
  4645 | D:4      | You add the spells Kiss of Death, Necrotise, Fugue of the
                  | Fallen and Vampiric Draining to your library.
  4645 | D:4      | Received a gift from Kikubaaqudgha
  4962 | D:4      | Noticed an orc warrior
  4968 | D:4      | Learned a level 4 spell: Summon Lightning Spire
  5410 | D:5      | Entered Level 5 of the Dungeon
  5410 | D:5      | Noticed Grinder
  5513 | D:5      | Reached skill level 5 in Spellcasting
  5513 | D:5      | Reached XP level 7. HP: 26/32 MP: 11/15
  5582 | D:5      | Reached skill level 1 in Fire Magic
  5582 | D:5      | Reached skill level 1 in Air Magic
  5583 | D:5      | HP: 8/32 [poisoned by a water moccasin]
  6332 | D:5      | Reached skill level 2 in Fire Magic
  6332 | D:5      | Reached skill level 2 in Air Magic
  6735 | D:5      | HP: 4/32 [orc priest/divine providence (12)]
  7083 | D:5      | Grinder changed into Grinder the ynoxinul
  7083 | D:5      | Noticed Grinder
  7085 | D:5      | Grinder the ynoxinul changed into Grinder the neqoxec
  7085 | D:5      | Noticed Grinder
  7087 | D:5      | Gained mutation: Your spells are a little easier to cast,
                  | but a little less powerful. [Grinder]
  7090 | D:5      | Killed Grinder the neqoxec
  7091 | D:5      | Reached skill level 7 in Summonings
  7091 | D:5      | Reached XP level 8. HP: 31/36 MP: 11/17
  7532 | D:5      | Found a runed translucent door.
  7533 | D:5      | Noticed Crazy Yiuf
  8212 | D:6      | HP: 7/36 [centaur/arrow (9)]
  8213 | D:6      | Reached skill level 3 in Fire Magic
  8213 | D:6      | Reached skill level 3 in Air Magic
  8547 | D:6      | Reached skill level 6 in Spellcasting
  9512 | D:6      | Noticed Eustachio
  9971 | D:6      | Found a snail-covered altar of Cheibriados.
 10508 | D:7      | Reached skill level 4 in Fire Magic
 10508 | D:7      | Reached skill level 4 in Air Magic
 10638 | D:7      | Noticed Dowan
 10864 | D:7      | Reached XP level 9. HP: 39/39 MP: 8/19
 10948 | D:7      | Reached skill level 8 in Summonings
 10974 | D:7      | Noticed Duvessa
 11145 | D:7      | Killed Duvessa
 11225 | D:7      | Killed Dowan
 11504 | D:7      | Reached ** piety under Kikubaaqudgha
 11838 | D:8      | You pick up a book of Touch and begin reading...
 11838 | D:8      | You add the spells Confusing Touch and Dispel Undead to
                  | your library.
 12171 | D:8      | Reached skill level 7 in Spellcasting
 12171 | D:8      | Reached skill level 5 in Fire Magic
 12171 | D:8      | Reached skill level 5 in Air Magic
 12807 | D:8      | Reached skill level 9 in Summonings
 13411 | D:8      | Noticed a two-headed ogre
 13421 | D:8      | Killed a two-headed ogre
 13422 | D:8      | Reached skill level 8 in Spellcasting
 13422 | D:8      | Reached XP level 10. HP: 44/44 MP: 18/23
 13527 | D:9      | You pick up a book of Weapons and begin reading...
 13527 | D:9      | You add the spells Tukima's Dance and Iskenderun's Mystic
                  | Blast to your library.
 13612 | D:9      | Reached skill level 3 in Dodging
 13644 | D:9      | Reached skill level 1 in Necromancy
 14285 | D:9      | Reached *** piety under Kikubaaqudgha
 14285 | D:9      | You add the spells Anguish, Martyr's Knell, Curse of Agony
                  | and Death Channel to your library.
 14285 | D:9      | Received a gift from Kikubaaqudgha
 14626 | D:9      | Reached skill level 4 in Dodging
 14743 | D:9      | Reached skill level 2 in Necromancy
 14899 | D:9      | Reached skill level 10 in Summonings
 15336 | D:9      | Reached skill level 3 in Necromancy
 15532 | D:9      | Learned a level 4 spell: Martyr's Knell
 15662 | D:9      | Found a staircase to the Orcish Mines.
 15677 | D:9      | You pick up a book of Misfortune and begin reading...
 15949 | D:9      | Found an opulent altar of Gozag.
 15957 | D:9      | Found a sacrificial altar of Ru.
 16182 | D:10     | Entered Level 10 of the Dungeon
 16220 | D:10     | HP: 1/44 [acid dragon/splash of acid (21)]
 16627 | D:10     | HP: 11/44 [troll (10)]
 16629 | D:10     | Slain by a troll
 16629 | D:10     | Lost a life (1 life remaining)
 16702 | D:10     | Found a staircase to the Lair.
 16708 | D:10     | Reached **** piety under Kikubaaqudgha
 16798 | D:10     | Reached skill level 9 in Spellcasting
 16902 | D:10     | HP: 7/44 [orc priest/divine providence (15)]
 17337 | D:10     | Found a glowing golden altar of the Shining One.
 17504 | D:10     | You pick up a book of Air and begin reading...
 17504 | D:10     | You add the spells Shock, Swiftness and Airstrike to your
                  | library.
 17509 | D:10     | Learned a level 3 spell: Swiftness
 17587 | D:10     | magus.rc [v1.9.6]
 17588 | Lair:1   | Entered Level 1 of the Lair of Beasts
 17589 | Lair:1   | Noticed a black mamba
 17596 | Lair:1   | Killed a black mamba
 17597 | Lair:1   | Reached skill level 4 in Necromancy
 17678 | Lair:1   | Learned a level 4 spell: Airstrike
 17714 | Lair:1   | Noticed a cane toad
 17730 | Lair:1   | Killed a cane toad
 17979 | Lair:1   | Reached XP level 11. HP: 47/47 MP: 14/25
 17979 | Lair:1   | Gained a life (2 lives remaining)
 18256 | Lair:1   | Reached skill level 6 in Fire Magic
 18513 | Lair:1   | Found a transporter.
 18514 | Lair:1   | You pick up a book of Winter and begin reading...
 18514 | Lair:1   | You add the spells Ozocubu's Armour, Metabolic Englaciation
                  | and Sculpt Simulacrum to your library.
 18577 | Lair:1   | Noticed a swamp dragon
 18737 | Lair:1   | Noticed a swamp dragon
 18962 | Lair:1   | Found a transporter.
 19320 | Lair:2   | Reached skill level 5 in Necromancy
 19604 | Lair:2   | Reached skill level 11 in Summonings
 19712 | Lair:2   | Noticed Maggie
 19715 | Lair:2   | Noticed a five-headed hydra
 19723 | Lair:2   | Killed a five-headed hydra
 19736 | Lair:2   | Killed Maggie
 20470 | Lair:2   | Reached skill level 10 in Spellcasting
 20716 | Lair:2   | Reached skill level 7 in Fire Magic
 20927 | Lair:2   | Learned a level 4 spell: Anguish
 21308 | Lair:2   | Found a hole to the Spider Nest.
 21363 | Lair:2   | Reached skill level 1 in Hexes
 21880 | Lair:3   | Noticed a five-headed hydra
 21884 | Lair:3   | Killed a five-headed hydra
 21885 | Lair:3   | Reached skill level 2 in Hexes
 21885 | Lair:3   | Reached skill level 6 in Air Magic
 21890 | Lair:3   | HP: 10/70 [komodo dragon (29)]
 22078 | Lair:3   | Noticed a catoblepas
 22094 | Lair:3   | Killed a catoblepas
 22095 | Lair:3   | Reached skill level 3 in Hexes
 22095 | Lair:3   | Gained mutation: Your thick and shaggy fur keeps you warm.
                  | (AC +3, rC+) [Felid growth]
 22095 | Lair:3   | Reached XP level 12. HP: 43/51 MP: 7/27
 22354 | Lair:3   | Identified the +6 falchion of Wivex {protect, rN+ SInv
                  | Stlth+}
 23305 | Lair:3   | Noticed Amaemon
 23315 | Lair:3   | Killed Amaemon
 23316 | Lair:3   | Reached skill level 4 in Hexes
 23316 | Lair:3   | Reached skill level 12 in Summonings
 23325 | Lair:3   | Reached skill level 1 in Evocations
 23667 | Lair:3   | Found a staircase to the Shoals.
 23694 | Lair:3   | You pick up a book of the Dragon and begin reading...
 23694 | Lair:3   | You add the spells Cause Fear, Fireball and Dragon's Call
                  | to your library.
 23880 | Lair:4   | Reached skill level 2 in Evocations
 23927 | Lair:4   | Reached skill level 5 in Hexes
 24038 | Lair:4   | Noticed a six-headed hydra
 24044 | Lair:4   | Killed a six-headed hydra
 24045 | Lair:4   | Reached skill level 11 in Spellcasting
 24045 | Lair:4   | Reached skill level 3 in Evocations
 24392 | Lair:4   | Reached skill level 7 in Air Magic
 25169 | Lair:4   | Reached skill level 4 in Evocations
 25638 | Lair:4   | Reached skill level 5 in Evocations
 25785 | Lair:4   | magus.rc [v1.9.6]
 25818 | Lair:4   | Found a viscous altar of Jiyva.
 25819 | Lair:4   | Found a staircase to the Slime Pits.
 25861 | Lair:4   | Noticed a five-headed hydra
 26347 | Lair:4   | Killed a five-headed hydra
 26348 | Lair:4   | Reached skill level 13 in Summonings
 26853 | Lair:5   | Entered Level 5 of the Lair of Beasts
 27023 | Lair:5   | Reached XP level 13. HP: 55/55 MP: 18/29
 27679 | D:6      | Killed Eustachio
 27683 | D:6      | You pick up a book of Dangerous Friends and begin
                  | reading...
 27683 | D:6      | You add the spells Orb of Destruction and Spellforged
                  | Servitor to your library.
 27804 | D:3      | Bought a scroll of teleportation for 30 gold pieces
 27804 | D:3      | Bought a scroll of teleportation for 30 gold pieces
 27804 | D:3      | Bought a scroll of fog for 40 gold pieces
 27804 | D:3      | Bought a scroll of silence for 95 gold pieces
 28256 | Lair:5   | Reached skill level 12 in Spellcasting
 28998 | D:11     | Noticed Maurice
 29012 | D:11     | Killed Maurice
 29938 | D:11     | You pick up a book of Scorching and begin reading...
 29938 | D:11     | You add the spells Scorch, Flame Wave and Summon Cactus
                  | Giant to your library.
 29954 | D:11     | Learned a level 6 spell: Summon Cactus Giant
 30678 | D:12     | You pick up a book of Armaments and begin reading...
 30678 | D:12     | You add the spells Stone Arrow and Lehudib's Crystal Spear
                  | to your library.
 30779 | D:12     | Reached ***** piety under Kikubaaqudgha
 31446 | D:12     | Reached skill level 6 in Necromancy
 31705 | D:12     | Reached skill level 14 in Summonings
 33031 | D:13     | Reached skill level 1 in Fighting
 33063 | D:13     | HP: 10/56 [efreet/fireball (29)]
 33766 | D:13     | magus.rc [v1.9.6]
 33945 | D:13     | Found Couduis's Magic Scroll Boutique.
 34024 | D:13     | Bought a scroll of butterflies for 56 gold pieces
 34024 | D:13     | Bought a scroll of teleportation for 42 gold pieces
 34024 | D:13     | Bought a scroll of teleportation for 42 gold pieces
 34062 | D:13     | HP: 11/57 [centaur warrior/arrow (19)]
 34062 | D:13     | Shot with an arrow by a centaur warrior
 34062 | D:13     | Lost a life (1 life remaining)
 34317 | D:13     | You pick up a book of Battle and begin reading...
 34668 | D:14     | Reached skill level 2 in Fighting
 35265 | D:14     | magus.rc [v1.9.6]
 35311 | D:14     | HP: 11/59 [centaur warrior/arrow (24)]
 35312 | D:14     | Shot with an arrow by a centaur warrior
 35312 | D:14     | Lost a life (0 lives remaining)
 35377 | D:14     | HP: 9/59 [skeletal warrior/+0 trident (18)]
 35394 | D:13     | HP: 16/88 [centaur warrior (11)]
 35396 | D:13     | HP: 6/88 [centaur warrior (4)]
 35397 | D:13     | Mangled by a centaur warrior

Vanquished Creatures
  3 hydras
  A catoblepas (Lair:3)
  2 two-headed ogres
  A centaur warrior (D:13)
  Amaemon (Lair:3)
  A deep elf pyromancer (D:13)
  2 harpies (Lair:3)
  An ugly thing (D:11)
  A manticore (D:12)
  Maurice (D:11)
  2 cyclopes
  An elephant (Lair:5)
  An orange demon (Lair:3)
  A gargoyle (D:14)
  3 black mambas
  3 kobold demonologists (D:12)
  2 komodo dragons
  7 cane toads
  An efreet (D:13)
  3 trolls
  2 polar bears (Lair:4)
  4 blink frogs (Lair:4)
  A wraith (D:12)
  2 spriggans (Lair:5)
  2 vampires
  A shadow (D:10)
  Eustachio (D:6)
  16 yaks
  2 basilisks
  A neqoxec (D:5)
  2 steam dragons
  7 vampire mosquitoes
  Duvessa (D:7)
  6 water moccasins
  A boggart (Lair:5)
  12 wolves
  A centaur (D:12)
  A kobold brigand (D:10)
  4 bullfrogs
  Dowan (D:7)
  A troll zombie (D:9)
  3 killer bees (D:9)
  A howler monkey (D:9)
  5 electric eels
  A gnoll bouda (D:8)
  An orc priest (D:10)
  2 ogre zombies (D:9)
  A gnoll (D:8)
  A dart slug (D:1)
  A goblin (D:3)
  2 kobolds
  An orc skeleton (D:9)
  2 orc zombies (D:9)
128 creatures vanquished.

Vanquished Creatures (collateral kills)
  3 hydras
  A boulder beetle (D:13)
  3 two-headed ogres
  2 skeletal warriors (D:14)
  A deep troll (D:14)
  A manticore (D:14)
  A cyclops (D:14)
  A black mamba (Lair:5)
  5 elephants
  Maggie (Lair:2)
  2 cane toads (Lair:1)
  A gargoyle (D:12)
  3 komodo dragons
  A rime drake (Lair:2)
  An unseen horror (D:12)
  A kobold demonologist (D:12)
  3 trolls
  2 blink frogs (Lair:4)
  9 yaks
  A culicivora (Lair:2)
  2 shadows (D:9)
  4 basilisks
  A redback (Lair:2)
  3 vampire mosquitoes (D:12)
  An acid dragon (D:10)
  A two-headed ogre zombie (D:9)
  3 water moccasins
  4 orc warriors
  A black bear (D:4)
  2 sky beasts (D:7)
  18 wolves
  3 centaurs
  5 kobold brigands
  9 bullfrogs
  4 gnoll sergeants
  5 scorpions
  A killer bee (D:9)
  4 howler monkeys (D:9)
  2 bombardier beetles
  A jelly (D:7)
  7 hounds
  A gnoll bouda (D:7)
  4 orc priests
  2 sleepcaps
  An iguana (D:6)
  10 orc wizards
  4 ogre zombies (D:9)
  Robin (D:3)
  24 gnolls
  5 adders
  A shadow imp (D:5)
  4 white imps
  2 ufetubi (D:6)
  4 dart slugs
  A ribbon worm (D:3)
  27 orcs
  5 ball pythons
  4 endoplasms
  5 giant cockroaches
  2 gnoll zombies (D:9)
  11 goblins
  7 hobgoblins
  18 kobolds
  A quokka (D:1)
  2 bats
  5 frilled lizards
  3 gnoll skeletons (D:9)
  3 orc skeletons (D:9)
  13 orc zombies (D:9)
  5 rats
299 creatures vanquished.

Vanquished Creatures (others)
  A blink frog (Lair:4)
  A centaur (D:12)
  An orc priest (D:12)
  64 blazeheart cores
67 creatures vanquished.

Grand Total: 494 creatures vanquished

Table legend:
 A = Non-vault XP
 B = Vault XP
 C = Vault XP percentage of total XP
 D = Non-vault monster count
 E = Vault monster count
 F = Vault count percentage of total count
                 A         B        C        D         E       F
            +---------+---------+-------+---------+---------+-------
      Total |   53424 |    8579 |  13.8 |     344 |      84 |  19.6
            +---------+---------+-------+---------+---------+-------
        D:1 |      37 |       0 |   0.0 |      20 |       0 |   0.0
        D:2 |      22 |       4 |  15.4 |      13 |       2 |  13.3
        D:3 |     104 |      40 |  27.8 |      13 |      12 |  48.0
        D:4 |     382 |     217 |  36.2 |      11 |       7 |  38.9
        D:5 |     790 |     183 |  18.8 |      25 |       1 |   3.8
        D:6 |     745 |     202 |  21.3 |      22 |       1 |   4.3
        D:7 |     631 |     232 |  26.9 |      12 |       2 |  14.3
        D:8 |    2597 |       0 |   0.0 |      26 |       0 |   0.0
        D:9 |    1659 |     687 |  29.3 |      30 |      35 |  53.8
       D:10 |     962 |     710 |  42.5 |      16 |       7 |  30.4
       D:11 |    3180 |     507 |  13.8 |      11 |       1 |   8.3
       D:12 |    7111 |       0 |   0.0 |      27 |       0 |   0.0
       D:13 |    4922 |       0 |   0.0 |      12 |       0 |   0.0
       D:14 |    5150 |       0 |   0.0 |       8 |       0 |   0.0
     Lair:1 |    3766 |       0 |   0.0 |      19 |       0 |   0.0
     Lair:2 |    6030 |     801 |  11.7 |      32 |       3 |   8.6
     Lair:3 |    2199 |    3712 |  62.8 |       6 |       6 |  50.0
     Lair:4 |   10884 |     531 |   4.7 |      37 |       2 |   5.1
     Lair:5 |    2253 |     753 |  25.0 |       4 |       5 |  55.6
            +---------+---------+-------+---------+---------+-------

Skill      XL: |  1  2  3  4  5  6  7  8  9 10 11 12 13 |
---------------+----------------------------------------+-----
Spellcasting   | 3 4 5 6 8 9 10 11 12 | 12.9
Summonings     | 5 6 7 9 10 11 13 14 | 14.3
Fire Magic     | 2 4 5 7 |  7.5
Air Magic      | 2 4 5 6 7 |  7.4
Dodging        | 4 |  4.0
Necromancy     | 4 5 6 |  6.2
Hexes          | 3 5 |  5.0
Evocations     | 5 |  5.0
Fighting       | 2 |  2.6
Stealth        | |  2.6

Action                     |  1- 3 |  4- 6 |  7- 9 | 10-12 | 13-15 || total
---------------------------+-------+-------+-------+-------+-------++-------
  Melee: Unarmed           |     8 |    26 |    57 |    78 |    52 ||   221
         Bite              |       |     4 |     9 |    10 |     9 ||    32
         Punch             |       |       |       |     3 |     3 ||     6
   Cast: Summon Small Mamm |    73 |     5 |    55 |    10 |       ||   143
         Call Imp          |     3 |    13 |    28 |    17 |     2 ||    63
         Call Canine Famil |     2 |    24 |    85 |    58 |     9 ||   178
         Summon Blazeheart |       |       |    15 |    85 |    30 ||   130
         Summon Lightning  |       |       |     4 |    21 |    19 ||    44
         Martyr's Knell    |       |       |       |    19 |    14 ||    33
         Airstrike         |       |       |       |    51 |    61 ||   112
         Anguish           |       |       |       |     2 |     3 ||     5
         Summon Cactus Gia |       |       |       |       |    21 ||    21
         Swiftness         |       |       |       |       |     2 ||     2
 Invoke: Unearth Wretches  |       |       |       |       |     1 ||     1
  Evoke: Wand              |       |       |     8 |    29 |     7 ||    44
    Use: Scroll            |     4 |     6 |     8 |    11 |     6 ||    35
         Potion            |       |       |     4 |     3 |     5 ||    12
   Stab: Sleeping          |       |     1 |     1 |       |       ||     2
         Distracted        |       |       |     1 |     1 |     1 ||     3
         Paralysed         |       |       |       |       |     1 ||     1
 Armour: Skin              |     4 |    16 |    80 |    88 |    74 ||   262
  Dodge: Dodged            |    15 |    33 |   126 |   187 |   139 ||   500
  Block: Other             |       |       |       |       |     1 ||     1

Illustrated notes

Table legend:
 A = Kills in this place as a percentage of kills in the entire game.
 B = Kills by you in this place as a percentage of kills by you in the entire game.
 C = Kills by friends in this place as a percentage of kills by friends in the entire game.
 D = Other kills in this place as a percentage of other kills in the entire game.
 E = Experience gained in this place as a percentage of experience gained in the entire game.
 F = Experience gained in this place divided by the number of levels of this place that you have seen.
                   A       B       C       D       E      F
               +-------+-------+-------+-------+-------+----------------------
         Total | 100.0 | 100.0 | 100.0 | 100.0 | 100.0 | 3263.3
       Dungeon |  73.4 |  51.2 |  82.9 |  50.0 |  50.1 | 2219.6
          Lair |  26.6 |  48.8 |  17.1 |  50.0 |  49.9 | 6185.8
               +-------+-------+-------+-------+-------+----------------------

Table legend: (Time is in decaauts)
 A = Elapsed time spent in this place.
 B = Non-inter-level travel time spent in this place.
 C = Inter-level travel time spent in this place.
 D = Time resting spent in this place.
 E = Time spent auto-exploring this place.
 F = Levels seen in this place.
 G = Mean time per level.
                   A        B        C        D        E       F      G
               +--------+--------+--------+--------+--------+-----+--------+
         Total |  35456 |  34181 |   1275 |  17478 |  11298 |  19 | 1866.1 |
       Dungeon |  24894 |  23971 |    923 |  11382 |   8568 |  14 | 1778.1 |
          Lair |  10561 |  10209 |    352 |   6096 |   2730 |   5 | 2112.2 |
               +--------+--------+--------+--------+--------+-----+--------+

Top non-repeatable levels by time:
  Lair:4: 3132 daAuts
    D:12: 3022 daAuts
     D:6: 2721 daAuts
  Lair:2: 2669 daAuts
     D:9: 2571 daAuts
  Lair:3: 2351 daAuts
     D:4: 2104 daAuts
     D:5: 2045 daAuts
     D:8: 1982 daAuts
  Lair:1: 1770 daAuts
    D:10: 1590 daAuts
     D:1: 1531 daAuts
     D:3: 1507 daAuts
     D:7: 1503 daAuts
    D:11: 1350 daAuts
